 Dungeon Crawl Stone Soup version 0.29.1-15-g9cfb28693d (webtiles) character file.

Game seed: 11700476803024117189

38 dudediamond6 the Sneak (level 3, 0/24 HPs)
             Began as an Octopode Brigand on Mar 30, 2023.
             Slain by Terence
             ... wielding a +0 short sword
              (7 damage)
             ... on level 2 of the Dungeon.
             The game lasted 00:01:51 (1312 turns).

dudediamond6 the Sneak (Octopode Brigand)           Turns: 1312, Time: 00:01:52

Health: 0/24       AC:  1    Str: 10    XL:     3   Next: 43%
Magic:  3/3        EV: 12    Int: 13    God:
Gold:   80         SH:  0    Dex: 15    Spells: 2/2 levels left

rFire   . . .      SeeInvis .   a - +2 dagger
rCold   . . .      Faith    .   (no shield)
rNeg    . . .      Spirit   .   (helmet restricted)
rPois   .          Reflect  .   (no amulet)
rElec   .          Harm     .   (no ring)
rCorr   .          Rampage  .   (no ring)
Will    .....                   (no ring)
Stlth   ++++......              (no ring)
HPRegen 0.08/turn               (no ring)
MPRegen 0.08/turn               (no ring)
                                (no ring)
                                (no ring)

@: no status effects
A: almost no armour, amphibious, 8 rings, camouflage 1, gelatinous body 1,
(nimble swimmer 1), tentacles
a: no special abilities


You were on level 2 of the Dungeon.
You visited 1 branch of the dungeon, and saw 2 of its levels.

You collected 80 gold pieces.

Inventory:

Hand Weapons
 a - a +2 dagger (weapon)
Missiles
 b - 12 poisoned darts
 c - 3 curare-tipped darts (quivered)
Jewellery
 e - a ring of ice
 f - a ring of protection from cold
Scrolls
 j - 3 scrolls of noise {unknown}
 k - a scroll of acquirement {unknown}
 l - a scroll of enchant armour {unknown}
 m - a scroll of teleportation {unknown}
 n - a scroll of identify {unknown}
Potions
 d - 2 potions of heal wounds {unknown}
 g - a potion of lignification {unknown}
 h - a potion of magic {unknown}
 i - a potion of ambrosia {unknown}


   Skills:
 * Level 2.2 Fighting
 * Level 2.5 Short Blades
 - Level 2.0 Throwing
 + Level 1.0 Dodging
 + Level 6.5 Stealth


You had 2 spell levels left.
You didn't know any spells.
Your spell library contained the following spells:

 Spells                   Type           Power      Damage    Failure   Level
 Freeze                   Ice            0%         1d3       30%         1
 Dazzling Flash           Conj/Hex       0%         N/A       67%         3
 Frozen Ramparts          Ice            0%         1d1       67%         3
 Ozocubu's Armour         Ice            0%         N/A       67%         3
 Hailstorm                Conj/Ice       0%         3d3       97%         4
 Agony                    Necr           0%         N/A       100%        5
 Silence                  Hex/Air        0%         N/A       100%        5
 Ozocubu's Refrigeration  Ice            0%         4d7       100%        7


Dungeon Overview and Level Annotations

Branches:
Dungeon (2/15)

Altars:
Cheibriados

Annotations:
D:2 Terence


Innate Abilities, Weirdness & Mutations

You cannot wear most types of armour.
You are amphibious.
You can wear up to eight rings at the same time.
Your skin changes colour to match your surroundings (Stealth+).
Your rubbery body absorbs attacks. (AC +1, EV +1)
((You are camouflaged when in or above water. (Stealth+)))
You have tentacles for arms and can constrict up to eight enemies at once.


Message History

The slug dart hits you.
You hit the dart slug.
The dart slug is almost dead.
You constrict the dart slug.
You kill the dart slug!
No target in view!
Terence the Incautious comes into view.
He is wielding a +0 short sword.
Terence is nearby!
Terence is nearby!
Terence shouts!
Terence barely misses you.
You completely miss Terence. Your grab misses Terence.
Terence says, "Don't bother to defend, it's senseless."
Terence hits you with a +0 short sword.
You closely miss Terence. You grab Terence. You constrict Terence.
Terence hits you with a +0 short sword.
You hit Terence but do no damage.
Terence is lightly wounded.
You constrict Terence, but do no damage.
You hit Terence. You squeeze Terence.
Terence is heavily wounded.
You constrict Terence. Terence hits you with a +0 short sword!
* * * LOW HITPOINT WARNING * * *
You are too injured to fight recklessly!
You are too injured to fight recklessly!
You are too injured to fight recklessly!
Hit: a) +2 dagger
Press: ? - help, Dir - move target, f - Terence
Aim: Terence, wielding a +0 short sword and wearing a +0 scale mail (heavily wounded, constricted by you, about 6% to evade your +2 dagger)
You hit Terence but do no damage. You squeeze Terence, but do no damage.
Terence is heavily wounded.
You constrict Terence, but do no damage.
Terence hits you with a +0 short sword.
* * * LOW HITPOINT WARNING * * *
You release your grip on Terence.
Terence attacks as you move away! Terence closely misses you.
Terence attacks as you move away! Terence barely misses you.
Terence attacks as you move away! Terence closely misses you.
Terence attacks as you move away! Terence hits you with a +0 short sword!
You die...

#........###
#..##....# #..#
....# #..# ....#
#..# #...# #..# ...#
#..# #.## #.@# #.@#
#..#####
#......############
#.###.............#
#.................#
####..._..........#
#####.........[.....
...........######...
......#.#.## #...


You could see Terence.

Vanquished Creatures
  An adder (D:2)
  2 dart slugs
  An endoplasm (D:2)
  3 giant cockroaches
  2 goblins
  A hobgoblin (D:1)
  5 jackals (D:1)
  A ball python (D:1)
  2 frilled lizards (D:2)
  2 kobolds
  4 rats
24 creatures vanquished.

Notes
Turn   | Place    | Note
-------+----------+-------------------------------------------
     0 | D:1      | dudediamond6 the Octopode Brigand began the quest for the
                  | Orb.
     0 | D:1      | Reached XP level 1. HP: 14/14 MP: 1/1
   353 | D:1      | Reached XP level 2. HP: 19/19 MP: 2/2
   984 | D:2      | Reached skill level 6 in Stealth
  1114 | D:2      | Found a faded altar of an unknown god.
  1146 | D:2      | Reached XP level 3. HP: 24/24 MP: 3/3
  1190 | D:2      | Found a snail-covered altar of Cheibriados.
  1292 | D:2      | Noticed Terence
  1312 | D:2      | Slain by Terence

Illustrated notes

Levels and vault maps discovered:
D:1:      ebering_trefoil_twist, layout_basic
D:2:      kennysheep_big_flooded_room, layout_basic,
          hellmonk_ecumenical_altar_run_dry, basic_altar, uniq_terence,
          uniq_sigmund

Skill      XL: |  1  2 |
---------------+-------+-----
Stealth        | 6 |  6.5
Fighting       | |  2.2
Short Blades   | |  2.5
Throwing       | |  2.0
Dodging        | |  1.0

Action                   || total
-------------------------++-------
Melee: Dagger            ||    38
       Constrict         ||     8
       Tentacles         ||    10
 Stab: Sleeping          ||    13
Dodge: Dodged            ||    12
